[Event "Late-Titled-Tuesday-Blitz-April-30-2024"]
[Site "Chess.com"]
[Date "2024.04.30"]
[Round "9"]
[White "ameetghasi100"]
[Black "TheoSlade"]
[Result "1-0"]
[WhiteElo "2790"]
[BlackElo "2452"]
[TimeControl "180+1"]
[EndTime "15:42:14 PDT"]
[Termination "ameetghasi100 won on time"]

1. c4 e6 2. Nc3 d5 3. e3 Nf6 4. d4 Be7 5. Nf3 O-O 6. Qc2 c5 7.
dxc5 Bxc5 8. a3 Nc6 9. b4 Bd6 10.
cxd5 exd5 11. Be2 Bg4 12. O-O Rc8 13. Bb2 Bb8 14. Rad1 Qd6 15. g3 Rfd8 16. Qb3 h5 17. Rfe1 a6 18. Qa2 Ba7 19. Qa1 Qe7 20. Kg2 Bxf3+ 21.
Bxf3 Ne5 22. Nxd5 Nxd5 23. Bxd5 Nc4 24. Bxg7 1-0

[Event "Late-Titled-Tuesday-Blitz-April-30-2024"]
[Site "Chess.com"]
[Date "2024.04.30"]
[Round "9"]
[White "Inepton_Fermion"]
[Black "katharinareinecke"]
[Result "1-0"]
[WhiteElo "2432"]
[BlackElo "2034"]
[TimeControl "180+1"]
[EndTime "15:42:16 PDT"]
[Termination "Inepton_Fermion won by checkmate"]

1. d4 d5 2. Nc3 Nf6 3. Bg5 e6 4. e4 h6 5. Bxf6 gxf6 6. exd5 exd5 7. Qh5 c6 8. O-O-O Be6 9. Bd3 Nd7 10. f4 Nb6 11. f5 Bd7 12. Nf3 Be7 13. Rde1 Nc4 14.
Qh4 Kf8 15. g4 Qb6 16. Bxc4 dxc4 17. Rxe7 Kxe7 18. Re1+ Kf8 19. Qxf6 Kg8 20. Re7 Be8 21. g5 hxg5 22. Nxg5 Rxh2 23. Rxe8+ Rxe8 24. Qxf7+ Kh8 25. Qxe8+ Kg7 26. Qf7+ Kh6 27. Qg6# 1-0

[Event "Late-Titled-Tuesday-Blitz-April-30-2024"]
[Site "Chess.com"]
[Date "2024.04.30"]
[Round "9"]
[White "MatthewG-p4p"]
[Black "Hikaru"]
[Result "1-0"]
[WhiteElo "2888"]
[BlackElo "3188"]
[TimeControl "180+1"]
[EndTime "15:42:27 PDT"]
[Termination "MatthewG-p4p won by resignation"]

1. e4 c6 2. d4 d5 3. exd5 cxd5 4. h3 Bf5 5. Bd3 Bxd3 6. Qxd3 Nc6 7. Nf3 e6 8. c3 Bd6 9. O-O Qf6 10. Re1 Nge7 11. Nbd2 g5 12. Qb5 O-O-O 13. Nb3 Rhg8 14. Ne5 h5 15. Nc5 Bxc5 16. Qxc5 g4 17. h4 Qf5 18. g3 b6 19. Nxc6 Kb7 20. Qxe7+ Kxc6 21. Bf4 Rd7 22. Qb4 Kb7 23. a4 a6 24. a5 b5 25. Qc5 Ka8 1-0

[Event "Late-Titled-Tuesday-Blitz-April-30-2024"]
[Site "Chess.com"]
[Date "2024.04.30"]
[Round "9"]
[White "A4RookA3"]
[Black "dosto07"]
[Result "0-1"]
[WhiteElo "2371"]
[BlackElo "2499"]
[TimeControl "180+1"]
[EndTime "15:42:36 PDT"]
[Termination "dosto07 won by resignation"]

1. d4 d5 2. Nc3 Nf6 3. Bf4 c6 4. e3 Bf5 5. Nf3 Nbd7 6. Ne5 Nxe5 7. dxe5 Ne4 8. Nxe4 Bxe4 9. f3 Bg6 10. Bd3 e6 11. h4 Qb6 12. Rb1 Bc5 13. Qe2 Qa5+ 14. Kf2 Qxa2 15.
b4 Bb6 16. h5 Bxd3 17. Qxd3 Qc4 18. Qxc4 dxc4 19. b5 cxb5 20. Rxb5 O-O-O 21. Rb4 Rd2+ 22. Kg3 Rxc2 23. Rd1 Rd8 24. Rxd8+ Kxd8 25. h6 gxh6 26. Bg5+ 0-1

[Event "Late-Titled-Tuesday-Blitz-April-30-2024"]
[Site "Chess.com"]
[Date "2024.04.30"]
[Round "9"]
[White "mbojan"]
[Black "Jakhongir-Vakhidov"]
[Result "0-1"]
[WhiteElo "2931"]
[BlackElo "2772"]
[TimeControl "180+1"]
[EndTime "15:42:39 PDT"]
[Termination "Jakhongir-Vakhidov won by resignation"]

1. a3 g6 2. g3 Bg7 3. Bg2 c5 4. d3 Nc6 5. Nc3 e6 6. Bd2 d5 7.
Qc1 h6 8. Nf3 Nge7 9. O-O b6 10.
Rb1 a5 11. a4 Bb7 12. Nb5 Qd7 13. c3 g5 14. Re1 O-O 15. h4 f6 16. e4 dxe4 17.
dxe4 Ng6 18. Qc2 gxh4 19. Rbd1 Qe7 20. gxh4 Nce5 21. h5 Nxf3+ 22. Bxf3 Ne5 23. Be2 f5 24. exf5 Qh4 25. f3 Qg3+ 26. Kf1 Rxf5 27. Be3 Bxf3 28. Bxf3 Nxf3 29. Bf2 Nh2+ 0-1

[Event "Late-Titled-Tuesday-Blitz-April-30-2024"]
[Site "Chess.com"]
[Date "2024.04.30"]
[Round "9"]
[White "Chessmatus"]
[Black "MNyuyu"]
[Result "0-1"]
[WhiteElo "2561"]
[BlackElo "2406"]
[TimeControl "180+1"]
[EndTime "15:42:43 PDT"]
[Termination "MNyuyu won by resignation"]

1. e4 d5 2. exd5 Qxd5 3. Nc3 Qd8 4. d4 c6 5. Nf3 Bg4 6. Bc4 e6 7. Be3 Nf6 8. h3 Bxf3 9. Qxf3 Bb4 10. O-O O-O 11.
Bg5 Be7 12. Rad1 Nbd7 13. Rfe1 Re8 14. Bd3 Nd5 15. Bc1 Nxc3 16. bxc3 Nf8 17. c4 Qa5 18. a3 Rad8 19. Bb2 Bf6 20. Be4 Bxd4 21. Bxd4 Rxd4 22. Rxd4 Qxe1+ 23. Kh2 Qa1 24. Qd3 Qe1 25. Qf3 Qa5 26. Qd3 f5 27. Bf3 e5 28. Qxf5 g6 29. Qh5 gxh5 0-1

[Event "Late-Titled-Tuesday-Blitz-April-30-2024"]
[Site "Chess.com"]
[Date "2024.04.30"]
[Round "9"]
[White "Mikhail_Golubev"]
[Black "Blampman"]
[Result "1-0"]
[WhiteElo "2606"]
[BlackElo "2440"]
[TimeControl "180+1"]
[EndTime "15:42:51 PDT"]
[Termination "Mikhail_Golubev won by resignation"]

1. e4 c5 2. Nf3 e6 3. d4 cxd4 4. Nxd4 Nc6 5. Nc3 Qc7 6. Be3 a6 7. Bd3 Nf6 8. O-O b5 9. Nxc6 dxc6 10. f4 Be7 11. e5 Nd5 12. Nxd5 cxd5 13. Kh1 Bc5 14.
Bxc5 Qxc5 15. c3 Bd7 16. Qg4 g6 17. Qh4 Qe7 18. Qf2 h5 19. b4 O-O 20. Qd4 Rfc8 21. a3 Rc6 22. h3 Rac8 23. Rac1 Qh4 24. Rf3 R8c7 25. Kh2 Qe7 26. Be2 Bc8 27. Re3 Kg7 28. g4 hxg4 29. hxg4 Bd7 30. Rh3 Rc8 31. f5 Qg5 32.
f6+ Kg8 33. Rh1 Rc4 34. Kg2 1-0

[Event "Late-Titled-Tuesday-Blitz-April-30-2024"]
[Site "Chess.com"]
[Date "2024.04.30"]
[Round "9"]
[White "HansOnTwitch"]
[Black "superchess02"]
[Result "0-1"]
[WhiteElo "3173"]
[BlackElo "2876"]
[TimeControl "180+1"]
[EndTime "15:42:57 PDT"]
[Termination "superchess02 won by checkmate"]

1. e4 c5 2. Nf3 d6 3. Bb5+ Nd7 4.
O-O a6 5. Bd3 Ngf6 6. Re1 Qc7 7.
Bf1 b6 8. c4 Bb7 9. Nc3 e6 10. d4 cxd4 11. Nxd4 Be7 12. f3 O-O 13. Be3 Rac8 14. Rc1 Qb8 15. Qd2 Rfe8 16. a3 Bd8 17. Bf2 Bc7 18. g3 Qa8 19. b3 d5 20.
exd5 exd5 21. Rxe8+ Rxe8 22. Nxd5 Nxd5 23. cxd5 Bd6 24.
Nf5 Bxa3 25. Rc7 Ne5 26. Bg2 Bxd5 27. Qg5 Ng6 28. h4 Bxf3 29. h5 Bxg2 30. hxg6 hxg6 31. Nxg7 Bh3 32. Nxe8 Qg2# 0-1

[Event "Late-Titled-Tuesday-Blitz-April-30-2024"]
[Site "Chess.com"]
[Date "2024.04.30"]
[Round "9"]
[White "kalinchick"]
[Black "KorolDimitriy75"]
[Result "1-0"]
[WhiteElo "2482"]
[BlackElo "2360"]
[TimeControl "180+1"]
[EndTime "15:42:58 PDT"]
[Termination "kalinchick won on time"]

1. Nf3 c5 2. g3 g6 3. Bg2 Bg7 4. O-O Nc6 5. d3 e5 6. e4 Nge7 7. Nbd2 d6 8. Qe2 O-O 9. a3 h6 10. Rb1 f5 11. exf5 Bxf5 12. b4 Qd7 13. Re1 Rae8 14.
Qf1 b6 15. bxc5 dxc5 16. Nc4 Nd5 17. Bb2 e4 18. Nh4 Nc3 19. Nxf5 gxf5 20. dxe4 Nxb1 21. Rxb1 Bxb2 22. Nxb2 fxe4 23. Nc4 Nd4 24. Ne3 Nf3+ 25. Bxf3 exf3 26. Rd1 Qe6 27. Qd3 Rd8 28. Nd5 1-0

[Event "Late-Titled-Tuesday-Blitz-April-30-2024"]
[Site "Chess.com"]
[Date "2024.04.30"]
[Round "9"]
[White "osielchesslover2011"]
[Black "Krlence"]
[Result "1-0"]
[WhiteElo "2261"]
[BlackElo "2501"]
[TimeControl "180+1"]
[EndTime "15:43:00 PDT"]
[Termination "osielchesslover2011 won by resignation"]

1. e4 d5 2. exd5 Qxd5 3. Nc3 Qd6 4. d4 c6 5. Nf3 Nf6 6. Bc4 Bg4 7. Be3 e6 8. h3 Bh5 9. g4 Bg6 10. Ne5 Nbd7 11.
f4 Ne4 12. Qf3 Nxc3 13. bxc3 Bxc2 14. O-O Nb6 15. Bb3 Bxb3 16. axb3 Be7 17. c4 Qc7 18. f5 O-O 19. fxe6 fxe6 20. Qe4 Rxf1+ 21. Rxf1 Rf8 22. Rxf8+ Bxf8 23. Bf4 Qe7 24. Nf3 Nd7 25. Ng5 Nf6 26. Qxe6+ Qxe6 27. Nxe6 Bb4 28. Nd8 Bc3 29. Be5 Nd7 30.
Nxb7 Nxe5 31. dxe5 Bxe5 32. Na5 Bd4+ 33. Kg2 c5 34.
Nc6 a6 35. Nxd4 cxd4 36. Kf3 Kf7 37. Ke4 Ke6 38. Kxd4 Kd6 39. c5+ Kc6 40. Kc4 a5 41. b4 axb4 42. Kxb4 h6 43. Kc4 g6 44. h4 h5 45. g5 Kc7 46. Kd5 Kd7 47. Ke5 Kc7 48. Kf6 1-0

[Event "Late-Titled-Tuesday-Blitz-April-30-2024"]
[Site "Chess.com"]
[Date "2024.04.30"]
[Round "9"]
[White "Byniolus"]
[Black "Bryanl106"]
[Result "1-0"]
[WhiteElo "2848"]
[BlackElo "2686"]
[TimeControl "180+1"]
[EndTime "15:43:01 PDT"]
[Termination "Byniolus won by checkmate"]

1. d4 Nf6 2. Nf3 g6 3. Bf4 Bg7 4. e3 O-O 5. Be2 d5 6. O-O c5 7.
c3 Nbd7 8. Nbd2 b6 9. h3 Bb7 10. a4 a6 11. Re1 Ne4 12. Bh2 Re8 13. Nxe4 dxe4 14. Nd2 cxd4 15. exd4 e5 16. Nc4 Qc7 17. dxe5 Nxe5 18. Qd6 Qxd6 19. Nxd6 Re7 20. Nxb7 Rxb7 21. Bf1 f5 22. Red1 Bf6 23. Rd6 Kg7 24. Rad1 b5 25.
axb5 axb5 26. Rxf6 Nf3+ 27. gxf3 Kxf6 28. fxe4 fxe4 29.
b4 Rc8 30. Rc1 Kf5 31. Bd6 Ra8 32. Bc5 Ra3 33. Bd4 g5 34. Be2 Kg6 35. Re1 h5 36. Bf1 Kf5 37. Rxe4 Kxe4 38. Bg2+ Kd3 39. Bxb7 g4 40. hxg4 hxg4 41. Kg2 Rxc3 42. Bxc3 Kxc3 43. Kg3 Kxb4 44. Kxg4 Kc5 45. f4 b4 46. Be4 b3 47.
Bb1 b2 48. f5 Kd6 49. Kg5 Ke7 50. Kg6 Kf8 51. Kf6 Kg8 52. Ke7 Kh8 53. f6 Kg8 54.
f7+ Kg7 55. f8=Q# 1-0

[Event "Late-Titled-Tuesday-Blitz-April-30-2024"]
[Site "Chess.com"]
[Date "2024.04.30"]
[Round "9"]
[White "rikchessmx"]
[Black "burritus"]
[Result "1-0"]
[WhiteElo "2288"]
[BlackElo "2413"]
[TimeControl "180+1"]
[EndTime "15:43:02 PDT"]
[Termination "rikchessmx won on time"]

1. e4 e5 2. Nf3 Nc6 3. Bb5 Nf6 4. O-O Nxe4 5. d4 Nd6 6. dxe5 Nxb5 7. a4 Nbd4 8. Nxd4 Nxd4 9. Qxd4 d6 10. Nc3 Be6 11. Bf4 Qh4 12. exd6 Bxd6 13. Qxg7 Qxf4 14.
Qxh8+ Kd7 15. g3 Qf3 16. Qxh7 Re8 17. Rad1 Kc8 18. Rd3 Qc6 19. Re1 a6 20. Qe4 Qb6 21. Nd5 Qxb2 22. Rb3 Qa2 23. Nxc7 Bxc7 24. Qxb7+ Kd8 25.
Rd1+ Ke7 26. Qxc7+ Kf8 27. Qc5+ Kg8 28. Rbd3 1-0

[Event "Late-Titled-Tuesday-Blitz-April-30-2024"]
[Site "Chess.com"]
[Date "2024.04.30"]
[Round "9"]
[White "Kobalia"]
[Black "sergiochess83"]
[Result "1/2-1/2"]
[WhiteElo "2800"]
[BlackElo "2908"]
[TimeControl "180+1"]
[EndTime "15:43:04 PDT"]
[Termination "Game drawn by agreement"]

1. e4 e5 2. Nf3 Nc6 3. Bb5 a6 4. Ba4 Nf6 5. O-O b5 6. Bb3 Bc5 7. c3 d6 8. d4 Bb6 9. Be3 O-O 10. h3 Bb7 11. Nbd2 h6 12. Re1 Re8 13. d5 Ne7 14. Bxb6 cxb6 15. a4 bxa4 16. Bxa4 b5 17. Bc2 Ng6 18.
Nb3 Qb6 19. Na5 Rac8 20. Qd2 Ba8 21. Qe3 Qc7 22. Bb3 Nd7 23. g3 Ne7 24. Nh4 Rf8 25. Re2 Kh7 26. Kh2 g6 27. f4 Qc5 28. Qxc5 Rxc5 29. Nf3 f6 30. Bc2 Rc7 31. Rf1 Kg7 32. fxe5 fxe5 33. Ref2 Rcc8 34. Kg1 Nb6 1/2-1/2

[Event "Late-Titled-Tuesday-Blitz-April-30-2024"]
[Site "Chess.com"]
[Date "2024.04.30"]
[Round "9"]
[White "rhwr"]
[Black "toninhojit"]
[Result "1-0"]
[WhiteElo "2285"]
[BlackElo "2537"]
[TimeControl "180+1"]
[EndTime "15:43:05 PDT"]
[Termination "rhwr won by checkmate"]

1. e4 c5 2. Be2 Nc6 3. f4 g6 4. Nf3 Bg7 5. O-O d6 6. c3 e6 7. d3 Nge7 8. Be3 O-O 9. Nbd2 f5 10. Qc2 Rb8 11. Rae1 b5 12. Bf2 b4 13. Nc4 Ba6 14. exf5 exf5 15. d4 bxc3 16. bxc3 Bxc4 17. Bxc4+ d5 18.
Be2 c4 19. Ne5 Nxe5 20. dxe5 Qa5 21. Bf3 Qa3 22. Re2 Rb5 23. Rd1 Rfb8 24. Qd2 Rb2 25.
Bxd5+ Kh8 26. Qd4 Rxe2 27. Bxc4 Reb2 28. Qd8+ Rxd8 29. Rxd8+ Bf8 30. Rxf8+ Kg7 31. Rf7+ Kh6 32. Bh4 Rb1+ 33. Bf1 Rxf1+ 34. Kxf1 Nd5 35. Bg5+ Kh5 36. Rxh7+ Kg4 37. Rh4# 1-0

[Event "Late-Titled-Tuesday-Blitz-April-30-2024"]
[Site "Chess.com"]
[Date "2024.04.30"]
[Round "9"]
[White "ArrestingPieces"]
[Black "GothamChess"]
[Result "0-1"]
[WhiteElo "2532"]
[BlackElo "2693"]
[TimeControl "180+1"]
[EndTime "15:43:08 PDT"]
[Termination "GothamChess won by resignation"]

1. e4 d5 2. exd5 Qxd5 3. Nc3 Qa5 4. d4 Nf6 5. Nf3 Bf5 6. Bc4 e6 7. Bd2 Bb4 8. Qe2 O-O 9. O-O-O Nc6 10. Nb5 a6 11. Nc3 b5 12. Bb3 Rad8 13. Kb1 Bg4 14. Bg5 Bxc3 15. bxc3 Nd5 16. Bd2 Nxc3+ 17. Bxc3 Qxc3 18.
Qd2 Qxd2 19. Rxd2 Bxf3 20. gxf3 Rxd4 21. Rhd1 Rfd8 22. Rxd4 Rxd4 23. Re1 Kf8 24. c3 Rd3 25. Re3 Rxe3 26. fxe3 Ke7 27. Bc2 h6 28. f4 Kd6 29.
Be4 f5 30. Bf3 e5 31. Kc2 Na5 32. Kd3 e4+ 0-1

[Event "Late-Titled-Tuesday-Blitz-April-30-2024"]
[Site "Chess.com"]
[Date "2024.04.30"]
[Round "9"]
[White "Romadk"]
[Black "cthake"]
[Result "1-0"]
[WhiteElo "2480"]
[BlackElo "1879"]
[TimeControl "180+1"]
[EndTime "15:43:08 PDT"]
[Termination "Romadk won on time"]

1. d4 Nf6 2. Nf3 e6 3. g3 d5 4.
Bg2 c5 5. O-O Nc6 6. c4 cxd4 7.
Nxd4 Bc5 8. Nxc6 bxc6 9. Qc2 Be7 10. Rd1 O-O 11. Nc3 Ba6 12. b3 Qc7 13. Na4 dxc4 14. bxc4 Rad8 15. Bf4 e5 16. Be3 c5 17. Rab1 Rb8 18. Nb2 Rb4 19. a3 Rbb8 20. Nd3 Rxb1 21.
Rxb1 e4 22. Nf4 Bb7 23. Qb3 Rb8 24. Nd5 Nxd5 25. cxd5 Bd6 26. Bxe4 a6 27. Qc2 c4 28. Bxh7+ Kh8 29. Be4 Bxa3 30. Bd4 Bd6 31. Qd2 f6 32. Bxf6 1-0

[Event "Late-Titled-Tuesday-Blitz-April-30-2024"]
[Site "Chess.com"]
[Date "2024.04.30"]
[Round "9"]
[White "Polish_fighter3000"]
[Black "bascheyaro"]
[Result "0-1"]
[WhiteElo "3068"]
[BlackElo "2864"]
[TimeControl "180+1"]
[EndTime "15:43:10 PDT"]
[Termination "bascheyaro won by resignation"]

1. e4 e6 2. d4 d5 3. Nc3 Bb4 4.
e5 Ne7 5. a3 Bxc3+ 6. bxc3 b6 7. Qg4 O-O 8. Bg5 Nd7 9. Bd3 f5 10. exf6 Nxf6 11. Qh4 Nf5 12. Bxf5 exf5 13. Nf3 Qe8+ 14.
Ne5 Ba6 15. f3 Nd7 16. Bf4 c5 17. Kf2 cxd4 18. cxd4 Rc8 19. Rac1 Nf6 20. Bg5 Qa4 21. Rhe1 Rxc2+ 22. Rxc2 Qxc2+ 23. Kg1 Bb5 24. Rc1 Qb2 25. Rc7 Ne4 26. Be3 Qe2 27. Rxg7+ Kxg7 28. Qh6+ Kg8 29. h3 Qe1+ 30. Kh2 Qg3+ 31. Kh1 Bf1 32. Qe6+ Kh8 33. Nf7+ Rxf7 34. Qc8+ Kg7 35. Bh6+ Kxh6 36. Qc1+ Qg5 0-1

[Event "Late-Titled-Tuesday-Blitz-April-30-2024"]
[Site "Chess.com"]
[Date "2024.04.30"]
[Round "9"]
[White "FabianoCaruana"]
[Black "kemelgallo"]
[Result "1-0"]
[WhiteElo "3076"]
[BlackElo "2628"]
[TimeControl "180+1"]
[EndTime "15:43:13 PDT"]
[Termination "FabianoCaruana won by resignation"]

1. e4 e5 2. Nf3 Nc6 3. Bc4 Bc5 4. c3 Nf6 5. d3 d6 6. Bg5 h6 7.
Bh4 a6 8. a4 g5 9. Bg3 Qe7 10. Nbd2 Ba7 11. b4 Nd8 12. O-O O-O 13. d4 exd4 14. Nxd4 Nc6 15. Nxc6 bxc6 16. Re1 Bg4 17.
Qc2 Nd7 18. Kh1 a5 19. bxa5 Be6 20. Bf1 h5 21. h3 h4 22. Bh2 Bxf2 23. Re2 Bc5 24.
e5 dxe5 25. Bxe5 Nxe5 26. Rxe5 Bd6 27. Ree1 Rxa5 28. Nc4 Rc5 29. Nxd6 Qxd6 30. a5 Kg7 31. c4 Qd4 32. a6 Ra8 33. Red1 Qf6 34. a7 Rf5 35. Qe4 Bc8 36. Bd3 Rf2 37. Rf1 Rxf1+ 38.
Rxf1 Qc3 39. Qh7+ 1-0

[Event "Late-Titled-Tuesday-Blitz-April-30-2024"]
[Site "Chess.com"]
[Date "2024.04.30"]
[Round "9"]
[White "OparinGrigoriy"]
[Black "grzechu96"]
[Result "1-0"]
[WhiteElo "2982"]
[BlackElo "2787"]
[TimeControl "180+1"]
[EndTime "15:43:14 PDT"]
[Termination "OparinGrigoriy won on time"]

1. Nf3 d5 2. g3 Bg4 3. Bg2 e6 4. c4 c6 5. Qb3 Qb6 6. d3 Nd7 7. Be3 Bc5 8. Bxc5 Nxc5 9. Qc3 Nf6 10. b3 O-O 11. O-O a5 12. Nbd2 h6 13. h3 Bf5 14.
a3 Rfe8 15. b4 Ncd7 16. Rfc1 e5 17. bxa5 Qxa5 18. Qxa5 Rxa5 19. cxd5 cxd5 20. Rc7 b6 21. Ne1 Rea8 22. Nc2 Be6 23. Rb1 Ne8 24. Rc6 Nef6 25. f4 Rc5 26. Rxc5 bxc5 27. Nc4 exf4 28. gxf4 Ra6 29.
N4e3 d4 30. f5 Ba2 31. Rb2 dxe3 32. Rxa2 Nh5 33. Nxe3 Nf4 34. a4 Ne5 35. a5 g6 36.
Bb7 Ra7 37. a6 gxf5 38. Nxf5 Ne6 39. Ne7+ Kg7 40. Nc8 1-0

[Event "Late-Titled-Tuesday-Blitz-April-30-2024"]
[Site "Chess.com"]
[Date "2024.04.30"]
[Round "9"]
[White "ural58"]
[Black "zacachess"]
[Result "0-1"]
[WhiteElo "2531"]
[BlackElo "2376"]
[TimeControl "180+1"]
[EndTime "15:43:15 PDT"]
[Termination "zacachess won by resignation"]

1. e4 c5 2. b3 Nf6 3. e5 Nd5 4.
Nc3 Nxc3 5. dxc3 Nc6 6. Nf3 Qc7 7. Bf4 e6 8. Bd3 b6 9. Qe2 Bb7 10. O-O f5 11. h4 h6 12. h5 O-O-O 13. Nh4 Ne7 14. Rad1 Rg8 15. Bg3 g5 16. hxg6 Nxg6 17. Nxg6 Rxg6 18. Ba6 Be7 19. Qh5 Rg5 20. Bxb7+ Qxb7 21. Qxh6 f4 22. Rd3 fxg3 23. fxg3 Rxe5 24. Qg7 Re2 25.
Rff3 Bf8 26. Qf7 Qe4 27. b4 cxb4 28. cxb4 Bxb4 29. a3 Bc5+ 0-1

[Event "Late-Titled-Tuesday-Blitz-April-30-2024"]
[Site "Chess.com"]
[Date "2024.04.30"]
[Round "9"]
[White "FredddieCroderg"]
[Black "manitodeplomo"]
[Result "0-1"]
[WhiteElo "2450"]
[BlackElo "2621"]
[TimeControl "180+1"]
[EndTime "15:43:16 PDT"]
[Termination "manitodeplomo won on time"]

1. e4 Nf6 2. e5 Nd5 3. Nc3 Nb6 4. Nf3 d6 5. exd6 cxd6 6. d4 Bg4 7. Be2 g6 8. O-O Bg7 9. h3 Bxf3 10. Bxf3 Nc6 11. Ne2 O-O 12. c3 Qd7 13. Ng3 Rac8 14. Ne4 h6 15. Re1 Kh7 16. h4 Rcd8 17. h5 g5 18. Qd3 f5 19. Ng3 e6 20. Bd2 d5 21.
Re2 Nc4 22. Qc2 e5 23. dxe5 N4xe5 24. Rae1 Nxf3+ 25. gxf3 d4 26. Re6 Qd5 27. Qd3 Ne5 28.
R6xe5 Bxe5 29. Nxf5 dxc3 30. Nd4+ Kh8 31. Qg6 cxd2 32.
Qxh6+ Kg8 33. Qg6+ Bg7 34. Re7 d1=Q+ 35. Kg2 Q1xf3+ 36. Nxf3 Qxf3+ 37. Kh2 Qxf2+ 38. Kh1 Rd1+ 0-1

[Event "Late-Titled-Tuesday-Blitz-April-30-2024"]
[Site "Chess.com"]
[Date "2024.04.30"]
[Round "9"]
[White "h4parah5"]
[Black "penguingm1"]
[Result "1/2-1/2"]
[WhiteElo "3030"]
[BlackElo "2883"]
[TimeControl "180+1"]
[EndTime "15:43:18 PDT"]
[Termination "Game drawn by agreement"]

1. Nf3 d5 2. e3 Nf6 3. c4 e6 4. b3 b6 5. Bb2 Bb7 6. cxd5 exd5 7. g3 Bd6 8. Bg2 O-O 9. O-O Re8 10.
Nc3 a6 11. Rc1 Nbd7 12. Re1 Rc8 13. d3 c5 14. d4 c4 15. Nd2 b5 16. bxc4 bxc4 17. e4 dxe4 18. Ndxe4 Nxe4 19. Nxe4 Bb4 20. Re2 Bxe4 21. Bxe4 Nf6 22. Bf5 Rc7 23. Rxe8+ Qxe8 24. Rc2 Qb5 25. Qf3 Bf8 26. Bc3 Nd5 27. Be4 Nxc3 28. Rxc3 Bb4 29. Rc2 c3 30. h4 a5 31. a3 Bxa3 32. Rxc3 Rxc3 33. Qxc3 Bf8 34. Qc7 a4 35.
Bc6 Qc4 36. Qd7 Qe6 37. Qxe6 fxe6 38. Bxa4 g6 39. Kf1 Bg7 40. Bb3 Kf7 41. d5 exd5 42.
Bxd5+ Kf6 43. f4 h6 44. Kf2 g5 45. Kf3 gxf4 46. gxf4 Bf8 47. Kg4 Ba3 48. Kh5 Bc1 49. Kg4 Ba3 50. Be4 Bc1 51. Bd3 Bd2 1/2-1/2

[Event "Late-Titled-Tuesday-Blitz-April-30-2024"]
[Site "Chess.com"]
[Date "2024.04.30"]
[Round "9"]
[White "karinachess1"]
[Black "KogotBobra17"]
[Result "0-1"]
[WhiteElo "2601"]
[BlackElo "2777"]
[TimeControl "180+1"]
[EndTime "15:43:18 PDT"]
[Termination "KogotBobra17 won by resignation"]

1. d4 d5 2. c4 e6 3. Nc3 c6 4. e3 Nf6 5. Bd3 Nbd7 6. Nf3 dxc4 7. Bxc4 b5 8. Bd3 b4 9. Na4 Qa5 10. O-O c5 11. dxc5 Nxc5 12. Bc2 Bd7 13. Nxc5 Bxc5 14.
Ne5 Bb5 15. Qf3 O-O 16. Rd1 Qc7 17. Nd3 Bd6 18. Bb3 Bxh2+ 19. Kh1 Bc6 20. Qh3 Bd6 21.
Bd2 Ne4 22. Be1 Qb7 23. Rac1 Rac8 24. Bc2 h6 25. Qh4 Nf6 26. Qh3 Rfd8 27. Bb1 Be4 28. f3 Bxd3 29. Rxc8 Rxc8 30. Bxd3 Be5 31. b3 Bc3 32.
Bh4 a5 33. Bxf6 Bxf6 34. Qg4 Rd8 35. Bc2 Rxd1+ 36. Bxd1 Qd5 37. Be2 Qd2 38. Qc4 Qxe3 39. Bd3 g6 40. Qe4 Qc1+ 41. Kh2 Qg5 42. Qa8+ Kg7 43.
Qe4 Be5+ 44. Kg1 Qc1+ 45. Kf2 Qd2+ 46. Qe2 Bd4+ 47. Kg3 Qg5+ 48. Kh3 Qh5+ 49. Kg3 Be5+ 50. f4 Qg5+ 51. Kh3 Qxf4 52. Qf3 Qh2+ 53. Kg4 h5+ 54. Kg5 f6+ 0-1

[Event "Late-Titled-Tuesday-Blitz-April-30-2024"]
[Site "Chess.com"]
[Date "2024.04.30"]
[Round "9"]
[White "Indefatigable11"]
[Black "imdvb6307"]
[Result "1-0"]
[WhiteElo "2397"]
[BlackElo "2524"]
[TimeControl "180+1"]
[EndTime "15:43:20 PDT"]
[Termination "Indefatigable11 won by resignation"]

1. Nf3 d5 2. g3 c6 3. Bg2 Bg4 4.
O-O Nd7 5. d4 Ngf6 6. c4 e6 7.
b3 h6 8. Bb2 Be7 9. Nbd2 O-O 10. Ne5 Bf5 11. Rc1 Nxe5 12. dxe5 Ne4 13. Nxe4 dxe4 14.
e3 a5 15. Qc2 Qd3 16. Rfd1 Qxc2 17. Rxc2 Rfd8 18. Rcd2 Rxd2 19. Rxd2 Rd8 20. Rd4 c5 21. Rxd8+ Bxd8 22. Kf1 Kf8 23. Ke2 Ke8 24. Kd2 Kd7 25. Bc3 Kc6 26. Kc2 b5 27. cxb5+ Kxb5 28. Bf1+ Kc6 29.
Kb2 Bg4 30. Bg2 Kd5 31. Ka3 c4 32. Bf1 cxb3 33. axb3 Bd1 34. Ka4 Bc2 35. Bc4+ Kc5 36.
Bxa5 Bxa5 37. Kxa5 Bd3 38. Ba6 Bxa6 39. Kxa6 Kb4 40.
Kb6 Kxb3 41. Kc6 Kc4 42. Kd6 Kd3 43. Ke7 Ke2 44. Kxf7 Kxf2 45. Kxe6 Kxe3 46. Kf7 Kf2 47. e6 e3 48. e7 e2 49. e8=Q g5 50. Kg6 e1=Q 51.
Qxe1+ Kxe1 52. Kxh6 g4 53. Kg5 Kf2 54. Kxg4 1-0

[Event "Late-Titled-Tuesday-Blitz-April-30-2024"]
[Site "Chess.com"]
[Date "2024.04.30"]
[Round "9"]
[White "maurovargas01"]
[Black "OnlyFlagNoSkill"]
[Result "1-0"]
[WhiteElo "1956"]
[BlackElo "1920"]
[TimeControl "180+1"]
[EndTime "15:43:21 PDT"]
[Termination "maurovargas01 won by checkmate"]

1. e4 c5 2. Nc3 d6 3. f4 g6 4. Nf3 Bg7 5. Bb5+ Bd7 6. Bxd7+ Qxd7 7. d3 e6 8. O-O Ne7 9. Qe1 O-O 10. Bd2 d5 11. Rd1 Nbc6 12. Qh4 d4 13. Ne2 f5 14. Ng5 h6 15. Nf3 e5 16. fxe5 Nxe5 17. Bxh6 Ng4 18. Bxg7 Kxg7 19. h3 Rh8 20. Qg3 Ne3 21.
Qe5+ Kg8 22. exf5 N7xf5 23. Qxc5 Rc8 24. Qa3 Nxd1 25. Rxd1 Ne3 26. Rc1 Rxh3 27. Qb3+ Kg7 28. gxh3 Qxh3 29. Qxb7+ Kh6 30. Nfxd4 Rc7 31. Qe4 Rc5 32.
Qf4+ Rg5+ 33. Kf2 Ng4+ 34. Ke1 Kh5 35. Ng3+ Kh4 36. Nf3# 1-0

[Event "Late-Titled-Tuesday-Blitz-April-30-2024"]
[Site "Chess.com"]
[Date "2024.04.30"]
[Round "9"]
[White "1800_strength"]
[Black "lupta_robin"]
[Result "0-1"]
[WhiteElo "2783"]
[BlackElo "2622"]
[TimeControl "180+1"]
[EndTime "15:43:24 PDT"]
[Termination "lupta_robin won on time"]

1. g4 d5 2. Bg2 c6 3. g5 e5 4.
d4 e4 5. f3 f5 6. c4 h6 7. h4 hxg5 8. hxg5 Rxh1 9. Bxh1 Bd6 10. Nc3 Ne7 11. e3 Nd7 12. fxe4 fxe4 13. Qh5+ g6 14.
Qh7 Nf8 15. Qh8 Bg4 16. Nge2 Qd7 17. Bd2 O-O-O 18. O-O-O Ne6 19. Qh4 Bxe2 20. Nxe2 Nf5 21. Qg4 Rh8 22. Bg2 Rh4 23. Bh3 Rxg4 24. Bxg4 Nxg5 25.
Rh1 Nf3 26. c5 Be7 27. Ba5 b6 28. cxb6 axb6 29. Bxb6 Kb7 30. Ba5 Bg5 31. Kb1 Bxe3 32. Bc3 Qe7 0-1

[Event "Late-Titled-Tuesday-Blitz-April-30-2024"]
[Site "Chess.com"]
[Date "2024.04.30"]
[Round "9"]
[White "1g60-1"]
[Black "Navyblue1"]
[Result "1-0"]
[WhiteElo "2420"]
[BlackElo "2239"]
[TimeControl "180+1"]
[EndTime "15:43:24 PDT"]
[Termination "1g60-1 won on time"]

1. e4 c5 2. Nf3 d6 3. d4 cxd4 4. Nxd4 Nf6 5. Nc3 a6 6. Be3 e5 7. Nb3 Be7 8. f3 h5 9. Qd2 Be6 10.
O-O-O Nbd7 11. Kb1 Rc8 12. h3 h4 13. f4 b5 14. f5 Bc4 15. Bd3 b4 16. Ne2 a5 17.
g4 hxg3 18. Nxg3 a4 19. Nc1 a3 20. b3 Bxd3 21. Nxd3 d5 22. Nxb4 d4 23. Bg5 Qb6 24. Nd3 Qc6 25. Rde1 Rb8 26. h4 Qb5 27. h5 Kd8 28. h6 gxh6 29. Bxh6 Rg8 30. Nh5 Nxh5 31. Rxh5 f6 32. Qc1 Nb6 33. Bd2 Na4 34. Ka1 Nc3 35. Bxc3 dxc3 36. Rh7 1-0